AoeStats
← fat_dgk

Nomad

508953419Analyzed
4v4 RM · 7d ago on Sep 24, 2026· 64m 20s· 8 players
Game mode
Random Map
Map size
231×231
Population
200
Speed
Normal
Resources
Standard
Victory
Conquest
Starting age
Dark Age
Ending age
Imperial Age
RankedLock teamsTeams togetherTeam positionsShared explorationLock speedFull tech treeHidden civsTurbo modeCheats
Victory
Defeat
🇳🇱 Varangians · Netherlands
1204
+13
🇳🇱 Danes · Netherlands
1204
+13
🇨🇱 Dravidians · Chile
1169
+15
🇲🇽 Mongols · Mexico
1110
+17
🇳🇴 Armenians · Norway
1227
-17
🇸🇪 Malians · Sweden
1127
-14
🇳🇴 Danes · Norway
1120
-14
🇸🇪 Saxons · Sweden
1093
-13
fat_dgk
9:25 Loom
12:24 Feudal Age
14:33 Fletching
19:45 Castle Age
18:46 Double-Bit Axe
20:31 Bodkin Arrow
20:47 Medium Warships
23:00 Bow Saw
28:03 Wheelbarrow
31:53 Padded Archer Armor
35:22 Imperial Age
34:02 Ballistics
35:08 Masonry
37:06 Chemistry
36:08 Bracer
36:25 Leather Archer Armor
37:52 Thumb Ring
39:01 Ring Archer Armor
37:57 Elite Skirmisher
42:56 Ring Archer Armor
57:29 Husbandry
Megatron2002
3:54 Loom
13:28 Feudal Age
20:08 Castle Age
18:17 Gold Mining
18:55 Double-Bit Axe
19:12 Fletching
20:00 Padded Archer Armor
19:55 Stone Mining
20:07 Fishing Lines
22:16 Wheelbarrow
21:32 Elite Skirmisher
23:03 Bow Saw
25:57 Bodkin Arrow
27:41 Horse Collar
28:48 Stone Shaft Mining
28:51 Gold Shaft Mining
28:50 Heavy Plow
29:52 Husbandry
34:43 Stone Shaft Mining
34:25 Leather Archer Armor
34:21 Bloodlines
35:17 Ballistics
38:51 Imperial Age
39:48 Bracer
40:15 Hand Cart
39:45 Town Watch
40:42 Thumb Ring
41:03 Parthian Tactics
42:22 Chemistry
41:54 Conscription
41:42 Onager
43:26 Drill
45:52 Elite Mangudai
47:21 Siege Engineers
51:26 Siege Onager
59:41 Capped Ram
62:07 Siege Ram
EindbaasJH
8:47 Loom
14:11 Feudal Age
18:25 Castle Age
17:10 Forging
21:49 Double-Bit Axe
26:11 Scale Barding Armor
31:41 Wheelbarrow
34:39 Fletching
36:29 Bodkin Arrow
43:18 Chain Barding Armor
49:53 Hand Cart
54:37 Iron Casting
54:31 Bloodlines
54:22 Husbandry
53:44 Light Cavalry
ridder_klip
11:49 Loom
13:48 Feudal Age
15:40 Town Watch
20:38 Castle Age
20:01 Fishing Lines
20:12 Double-Bit Axe
20:24 Gold Mining
21:28 Bow Saw
21:13 Stone Mining
23:21 Gold Shaft Mining
23:24 Horse Collar
26:28 Heavy Plow
32:30 Imperial Age
31:23 Masonry
32:06 Wheelbarrow
32:50 Scale Mail Armor
33:02 Forging
32:58 Squires
32:44 Arson
32:44 Gambesons
34:25 Hand Cart
35:12 Chain Mail Armor
36:00 Iron Casting
35:27 Capped Ram
37:16 Plate Mail Armor
37:57 Siege Engineers
39:35 Siege Ram
40:42 Devotion
41:47 Blast Furnace
41:41 Conscription
41:33 Gillnets
42:30 Scale Barding Armor
42:19 Elite Jomsviking
43:36 Chain Barding Armor
43:35 Husbandry
43:48 Bloodlines
42:59 Light Cavalry
45:00 Plate Barding Armor
45:48 Hamask
kembokembo
4:47 Loom
14:19 Feudal Age
14:46 Double-Bit Axe
15:33 Gold Mining
16:59 Fishing Lines
20:35 Castle Age
19:23 Fletching
20:46 Padded Archer Armor
20:37 Crossbowman
21:25 Thumb Ring
21:44 Bodkin Arrow
23:00 Bow Saw
27:26 Squires
28:02 Ballistics
28:01 Forging
27:46 Horse Collar
33:13 Imperial Age
31:48 Padded Archer Armor
33:58 Bracer
34:21 Arbalester
37:49 Chemistry
37:12 Leather Archer Armor
41:34 Conscription
43:26 Heavy Plow
45:30 Scale Mail Armor
46:00 Ring Archer Armor
46:06 Iron Casting
55:40 Chain Mail Armor
58:30 Scale Barding Armor
57:53 Shield Wall
58:01 Elite Varangian Guard
58:35 Light Cavalry
59:26 Bloodlines
59:17 Husbandry
59:39 Chain Barding Armor
59:39 Hussar
[O] KingJoakim
4:41 Loom
15:04 Feudal Age
21:27 Castle Age
20:42 Arson
21:21 Double-Bit Axe
22:35 Gold Mining
24:52 Wheelbarrow
24:44 Fletching
28:53 Sanctity
28:47 Fervor
29:24 Redemption
30:01 Redemption
47:04 Hand Cart
60:00 Imperial Age
58:05 Bodkin Arrow
60:54 Bracer
62:15 Theocracy
61:25 Elite Varangian Guard
63:02 Forging
63:29 Scale Mail Armor
64:58 Iron Casting
Jorgen
3:21 Loom
13:44 Feudal Age
14:19 Double-Bit Axe
14:16 Horse Collar
19:10 Castle Age
18:50 Gold Mining
21:56 Gold Shaft Mining
21:34 Bow Saw
23:27 Wheelbarrow
23:21 Scale Mail Armor
27:47 Forging
31:32 Fervor
32:28 Chain Mail Armor
32:48 Elite Skirmisher
33:31 Fletching
33:42 Padded Archer Armor
34:29 Bodkin Arrow
36:01 Sanctity
46:37 Redemption
52:31 Hand Cart
[SPoRR]Herrmibob
6:34 Loom
16:00 Feudal Age
20:56 Castle Age
18:51 Stone Mining
19:47 Gold Mining
20:21 Scale Mail Armor
22:11 Double-Bit Axe
26:45 Ballistics
27:04 Squires
27:07 Town Watch
28:27 Wheelbarrow
28:12 Fletching
29:55 Forging
32:13 Hand Cart
34:04 Chain Mail Armor
35:27 Iron Casting
36:52 Bow Saw
37:08 Town Patrol
40:41 Bodkin Arrow
43:57 Imperial Age
45:42 Plate Mail Armor
45:39 Conscription
45:50 Conscription
Connection lost

Rejoining the realm…

Still unreachable

The connection could not be restored.

Session expired

The server has moved on; the page needs a fresh start.